 Dungeon Crawl Stone Soup version 0.23.2-1-ga50397a (webtiles) character file.

Game seed: 8788529508879322980

2907 marthius the Fighter (level 9, -2/85 HPs)
             Began as a Minotaur Fighter on Apr 8, 2019.
             Was an Initiate of Makhleb.
             Slain by a porcupine (9 damage)
             ... on level 8 of the Dungeon on Apr 29, 2019.
             The game lasted 00:45:56 (9495 turns).

marthius the Fighter (Minotaur Fighter)             Turns: 9495, Time: 00:45:57

Health: -2/85      AC: 12    Str: 21    XL:     9   Next: 49%
Magic:  8/8        EV:  8    Int:  5    God:    Makhleb [......]
Gold:   426        SH: 10    Dex: 16    Spells: 8/8 levels left

rFire    . . .     SeeInvis .   a - +1 long sword
rCold    . . .     Gourm    .   c - +0 shield
rNeg     . . .     Faith    .   n - +0 chain mail
rPois    .         Spirit   .   (helmet restricted)
rElec    .         Reflect  .   (no cloak)
rCorr    .         Harm     .   (no gloves)
MR       .....                  h - +0 pair of boots
Stlth    ..........             (no amulet)
HPRegen  0.24/turn              m - +3 ring of dexterity
MPRegen  0.11/turn              (no ring)

@: studying Poison Magic
A: retaliatory headbutt, horns 2
a: Renounce Religion


You were on level 8 of the Dungeon.
You worshipped Makhleb.
Makhleb was noncommittal.
You were not hungry.

You visited 2 branches of the dungeon, and saw 10 of its levels.

You collected 426 gold pieces.

Inventory:

Hand Weapons
 a - a +1 long sword (weapon)
 w - a +0 falchion
 z - the +4 dagger "Tuhunniloo" {flame, Stlth+}
   (You found it on level 5 of the Dungeon)

   It has been specially enchanted to burn those struck by it, causing extra
   injury to most foes and up to half again as much damage against particularly
   susceptible opponents.
   It makes you more stealthy.
 A - a +4 great sword
Missiles
 y - 55 stones (quivered)
 C - 5 tomahawks
Armour
 b - a +0 scale mail
 c - a +0 shield (worn)
 h - a +0 pair of boots (worn)
 n - a +0 chain mail (worn)
Jewellery
 m - a +3 ring of dexterity (left hand)
 u - an uncursed ring of wizardry
 B - an uncursed amulet of magic regeneration {unknown}
Scrolls
 d - a scroll of vulnerability {unknown}
 e - 3 scrolls of enchant weapon
 i - a scroll of enchant armour {unknown}
 o - 4 scrolls of remove curse
 p - a scroll of fog {unknown}
 q - 3 scrolls of magic mapping
 s - a scroll of immolation {unknown}
 t - a scroll of amnesia {unknown}
Potions
 g - 2 potions of flight
 l - a potion of magic
 v - 2 potions of mutation
Books
 x - a manual of Poison Magic
Comestibles
 f - 9 rations


   Skills:
 + Level 9.8 Fighting
 + Level 9.5 Long Blades
 - Level 8.4 Armour
 + Level 4.4 Dodging
 - Level 3.6 Shields


You had 8 spell levels left.
You didn't know any spells.
Your spell library was empty.

Dungeon Overview and Level Annotations

Branches:
Dungeon (9/15)             Temple (1/1) D:7            Lair (0/6) D:8
    Orc: D:9-12

Altars:
Ashenzari
Cheibriados
Dithmenos
Elyvilon
Fedhas
Gozag
Hepliaklqana
Kikubaaqudgha
Makhleb
Nemelex Xobeh
Okawaru
Qazlal
Ru
Sif Muna
Trog
Uskayaw
Vehumet
Wu Jian
Xom
Yredelemnul
Zin
The Shining One

Annotations:
D:6 2 transporters, night's ghost, novice FoAM


Innate Abilities, Weirdness & Mutations

You reflexively headbutt those who attack you in melee.
You have a pair of horns on your head.


Message History

Unknown command.
You hit the orc but do no damage.
The orc is lightly wounded.
You block the porcupine's attack. The orc misses you.
The orc closely misses you.
You riposte.
You hit the orc.
You kill the orc!
Makhleb accepts your kill. The adder bites you.
* * * LOW HITPOINT WARNING * * *
The orc hits you but does no damage. The porcupine bites you.
* * * LOW HITPOINT WARNING * * *
The porcupine bites you!
* * * LOW HITPOINT WARNING * * *
You closely miss the orc. The porcupine barely misses you.
You block the adder's attack. The orc barely misses you.
You furiously retaliate!
You headbutt the orc!
You kill the orc!
Makhleb accepts your kill. The porcupine bites you!
You die...

.. #< ..
##=# #..#
###..###.#
#.ro[....#
#.[@r#
#..Srr...#
#........#.#
#.......#..#
#...(......#
#..........#
##........ #
#....>....
#.#


You could see 3 porcupines, an adder, an orc and a rat.

Vanquished Creatures
  Sigmund (D:3)
  Duvessa (D:7)
  2 ice beasts
  2 phantoms (D:4)
  2 wolves (D:8)
  5 ogres
  Dowan (D:7)
  2 scorpions
  9 killer bees
  An electric eel (D:8)
  3 wights (D:8)
  A bullfrog zombie (D:6)
  3 crimson imps
  A quasit (D:7)
  4 hounds
  5 orc priests
  A jelly (D:6)
  2 orc wizards
  A gnoll shaman (D:5)
  An iguana (D:5)
  3 worker ants
  A worker ant zombie (D:7)
  Robin (D:3)
  10 gnolls
  4 adders
  A white imp (D:8)
  6 oozes
  An adder zombie (D:8)
  3 worms
  3 dart slugs
  7 leopard geckos
  16 orcs
  3 ball pythons
  3 giant cockroaches
  20 goblins
  7 hobgoblins
  18 jackals
  9 kobolds
  4 quokkas
  4 bats
  7 frilled lizards
  2 jackal skeletons
  A leopard gecko skeleton (D:5)
  5 rats
187 creatures vanquished.

Notes
Turn   | Place    | Note
-------+----------+-------------------------------------------
     0 | D:1      | marthius the Minotaur Fighter began the quest for the Orb.
     0 | D:1      | Reached XP level 1. HP: 19/19 MP: 0/0
    92 | D:1      | Reached XP level 2. HP: 27/27 MP: 1/1
   699 | D:1      | Reached XP level 3. HP: 22/33 MP: 2/2
  1419 | D:2      | Reached XP level 4. HP: 41/41 MP: 3/3
  1903 | D:3      | Noticed Robin
  2068 | D:4      | Noticed an ogre
  2131 | D:4      | Noticed a phantom
  2341 | D:3      | Reached XP level 5. HP: 35/47 MP: 4/4
  2343 | D:3      | Reached skill level 5 in Fighting
  2343 | D:3      | Reached skill level 5 in Armour
  2723 | D:3      | Killed Robin
  2727 | D:3      | Upgraded the game from 0.23.2 to 0.23.2-1-ga50397a
  2765 | D:3      | Noticed Sigmund
  2776 | D:3      | Killed Sigmund
  2776 | D:3      | Reached skill level 5 in Long Blades
  2776 | D:3      | Reached XP level 6. HP: 53/57 MP: 5/5
  2986 | D:3      | Found a shimmering altar of Xom.
  2987 | D:3      | Found a shimmering altar of Xom.
  3456 | D:4      | Reached XP level 7. HP: 62/64 MP: 6/6
  4444 | D:5      | Entered Level 5 of the Dungeon
  4706 | D:5      | Got an ichor-stained dagger
  4707 | D:5      | Identified the +4 dagger "Tuhunniloo" {flame, Stlth+} (You
                  | found it on level 5 of the Dungeon)
  4756 | D:5      | Reached XP level 8. HP: 73/73 MP: 7/7
  6148 | D:6      | Found a transporter.
  6153 | D:6      | Noticed night's ghost (novice FoAM)
  6162 | D:6      | Identified the +8 dire flail of Dim Light {venom, rPois
                  | Int+9}
  6162 | D:6      | Noticed a two-headed ogre
  6164 | D:6      | Found a transporter.
  6439 | D:7      | Found a blossoming altar of Fedhas.
  6957 | D:6      | Reached skill level 1 in Dodging
  7351 | D:7      | Noticed Duvessa
  7370 | D:7      | Noticed Dowan
  7372 | D:7      | Killed Duvessa
  7372 | D:7      | Reached XP level 9. HP: 73/82 MP: 8/8
  7390 | D:7      | Killed Dowan
  7548 | D:7      | Found a staircase to the Ecumenical Temple.
  7557 | Temple   | Entered the Ecumenical Temple
  7579 | Temple   | Became a worshipper of Makhleb the Destroyer
  8302 | D:7      | Noticed a two-headed ogre
  8451 | D:8      | Noticed a polar bear
  8529 | D:9      | Noticed a two-headed ogre
  8652 | D:8      | Noticed a two-headed ogre
  9401 | D:8      | Noticed a death yak
  9418 | D:8      | Noticed a death yak
  9424 | D:8      | Noticed a death yak
  9487 | D:8      | Found a staircase to the Lair.
  9495 | D:8      | Slain by a porcupine

Skill      XL: |  1  2  3  4  5  6  7  8  9 |
---------------+----------------------------+-----
Fighting       | 4 5 6 7 8 9 |  9.8
Armour         | 4 5 6 7 8 |  8.4
Long Blades    | 3 4 5 6 8 9 |  9.5
Dodging        | 2 4 |  4.4
Shields        | |  3.6

Action                   |  1- 3 |  4- 6 |  7- 9 || total
-------------------------+-------+-------+-------++-------
Melee: Long sword        |    94 |   129 |   390 ||   613
       Headbutt          |     9 |    24 |   104 ||   137
  Use: Potion            |     2 |     6 |     3 ||    11
       Scroll            |       |     7 |     8 ||    15
 Stab: Fleeing           |       |       |     1 ||     1
  Eat: Chunk             |     2 |     3 |    11 ||    16
       Ration            |       |     1 |     3 ||     4
Armor: Scale mail        |    32 |    52 |       ||    84
       Chain mail        |       |    21 |   162 ||   183
Dodge: Dodged            |    33 |    46 |    77 ||   156
Block: Shield            |    45 |   110 |   178 ||   333
       Rpst.: Long sword |     6 |     8 |    23 ||    37
